 Dungeon Crawl Stone Soup version 0.23-b1-6-ga921848b48 (webtiles) character file.

Game seed: 8871986062469554265

438 Peloso the Shield-Bearer (level 6, -1/55 HPs)
             Began as a Minotaur Fighter on Feb 1, 2019.
             Slain by an ogre
             ... wielding a cursed -1 giant spiked club
              (11 damage)
             ... on level 4 of the Dungeon.
             The game lasted 00:03:46 (2357 turns).

Peloso the Shield-Bearer (Minotaur Fighter)         Turns: 2357, Time: 00:03:46

Health: -1/55      AC:  8    Str: 21    XL:     6   Next: 69%
Magic:  5/5        EV:  8    Int:  5    God:
Gold:   145        SH: 12    Dex: 11    Spells: 5/5 levels left

rFire    . . .     SeeInvis .   a - +0 long sword
rCold    . . .     Gourm    .   c - +0 shield
rNeg     . . .     Faith    .   b - +0 scale mail
rPois    .         Spirit   .   (helmet restricted)
rElec    .         Reflect  +   r - +0 cloak
rCorr    .         Harm     .   (no gloves)
MR       .....                  (no boots)
Stlth    ..........             m - +2 amulet of reflection
HPRegen  0.18/turn              (no ring)
MPRegen  0.09/turn              (no ring)

@: no status effects
A: retaliatory headbutt, horns 2
a: no special abilities


You were on level 4 of the Dungeon.
You were not hungry.

You visited 1 branch of the dungeon, and saw 4 of its levels.

You collected 145 gold pieces.

Inventory:

Hand Weapons
 a - a +0 long sword (weapon)
Armour
 b - a +0 scale mail (worn)
 c - a +0 shield (worn)
 r - a +0 cloak (worn)
Jewellery
 e - an uncursed amulet of regeneration
 m - a +2 amulet of reflection (around neck)
Wands
 s - a wand of polymorph (2)
Scrolls
 g - a scroll of remove curse {unknown}
 i - a scroll of identify {unknown}
 l - a scroll of enchant armour {unknown}
 n - a scroll of teleportation {unknown}
Potions
 d - a potion of might
 h - a potion of lignification {unknown}
 j - 2 potions of cancellation {unknown}
 k - 2 potions of agility {unknown}
 o - a potion of degeneration {unknown}
 q - 2 potions of curing {unknown}
Comestibles
 f - 5 rations


   Skills:
 + Level 4.8 Fighting
 + Level 5.3 Long Blades
 + Level 5.3 Armour
 + Level 1.1 Dodging
 + Level 0.3 Stealth
 + Level 5.5 Shields


You had 5 spell levels left.
You didn't know any spells.
Your spell library was empty.

Dungeon Overview and Level Annotations

Branches:
Dungeon (4/15)
 Temple: D:4-7

Altars:
Kikubaaqudgha


Innate Abilities, Weirdness & Mutations

You reflexively headbutt those who attack you in melee.
You have a pair of horns on your head.


Message History

Your headbutt misses the hound skeleton.
The hound skeleton is almost destroyed.
The hound skeleton bites you but does no damage.
The hound skeleton barely misses you.
You hit the hound skeleton.
You destroy the hound skeleton!
You hit the ogre but do no damage.
The ogre hits you with a cursed -1 giant spiked club!!
You hit the ogre.
The ogre is lightly wounded.
You block the ogre's attack.
You barely miss the ogre. Your headbutt misses the ogre.
The ogre is lightly wounded.
The ogre hits you with a cursed -1 giant spiked club!!
* * * LOW HITPOINT WARNING * * *
You closely miss the ogre. You headbutt the ogre.
The ogre is moderately wounded.
You block the ogre's attack.
The ogre hits you with a cursed -1 giant spiked club!
You die...

#.....[....
#......... .
###........ ..
........#.# ...
........#.### ...
........%... ..
........#.####(#
...........O@O.#
......^...####.....#
####.##........###.#
######..###....####
. ..................
.##.#######...###...
.#..##......#...#...
..............#.# #>
..................


You could see 2 ogres.

Vanquished Creatures
  Sigmund (D:3)
  A scorpion (D:4)
  Terence (D:3)
  Natasha (thrice) (D:3)
  A worker ant (D:2)
  A hound skeleton (D:4)
  4 adders
  3 worms
  4 leopard geckos
  2 ball pythons
  3 giant cockroaches
  3 goblins
  6 hobgoblins
  3 jackals (D:3)
  A quokka (D:3)
  9 bats
  7 frilled lizards
  4 kobolds
  6 rats
63 creatures vanquished.

Notes
Turn   | Place    | Note
-------+----------+-------------------------------------------
     0 | D:1      | Peloso the Minotaur Fighter began the quest for the Orb.
     0 | D:1      | Reached XP level 1. HP: 19/19 MP: 0/0
   175 | D:1      | Reached XP level 2. HP: 27/27 MP: 1/1
   687 | D:2      | Reached XP level 3. HP: 17/33 MP: 2/2
   790 | D:2      | Reached XP level 4. HP: 26/40 MP: 3/3
   844 | D:2      | Found an ancient bone altar of Kikubaaqudgha.
  1053 | D:3      | Found a faded altar of an unknown god.
  1241 | D:3      | Noticed Terence
  1250 | D:3      | Killed Terence
  1447 | D:3      | Noticed Sigmund
  1464 | D:3      | Reached XP level 5. HP: 27/47 MP: 4/4
  1482 | D:3      | Killed Sigmund
  1482 | D:3      | Reached skill level 5 in Shields
  1482 | D:3      | Reached XP level 6. HP: 5/53 MP: 5/5
  1792 | D:3      | Noticed Natasha
  1796 | D:3      | Killed Natasha
  1796 | D:3      | Reached skill level 5 in Armour
  2035 | D:3      | Noticed Natasha
  2046 | D:3      | Killed Natasha
  2046 | D:3      | Reached skill level 5 in Long Blades
  2046 | D:3      | Reached skill level 1 in Dodging
  2188 | D:3      | Noticed Natasha
  2197 | D:3      | Killed Natasha
  2357 | D:4      | Slain by an ogre

Skill      XL: |  1  2  3  4  5  6 |
---------------+-------------------+-----
Armour         | 4 5 |  5.3
Shields        | 4 5 |  5.5
Fighting       | 4 |  4.8
Long Blades    | 3 4 5 |  5.3
Dodging        | 1 |  1.1
Stealth        | |  0.3

Action                   |  1- 3 |  4- 6 || total
-------------------------+-------+-------++-------
Melee: Long sword        |    77 |   112 ||   189
       Headbutt          |    13 |    17 ||    30
  Use: Potion            |       |     1 ||     1
  Eat: Chunk             |       |     5 ||     5
Armor: Scale mail        |    30 |    37 ||    67
Dodge: Dodged            |    24 |    31 ||    55
Block: Shield            |    50 |    63 ||   113
       Rpst.: Long sword |     8 |    10 ||    18
